 Dungeon Crawl Stone Soup version 0.27-a0-1319-geec4fb4e21 (webtiles) character file.

Game seed: 10487647304982739315

18480 Gwenloh the Impaler (level 12, -15/94 HPs)
             Began as a Merfolk Gladiator on June 21, 2021.
             Was a Believer of the Shining One.
             Demolished by a boulder beetle (54 damage)
             ... on level 12 of the Dungeon.
             The game lasted 00:44:54 (14485 turns).

Gwenloh the Impaler (Merfolk Gladiator)            Turns: 14485, Time: 00:44:55

Health: -15/94     AC: 12    Str: 15    XL:     12   Next: 58%
Magic:  17/20      EV: 25    Int:  7    God:    the Shining One [**....]
Gold:   2042       SH: 15    Dex: 22    Spells: 11/11 levels left

rFire    . . .     SeeInvis .   a - +0 trident (flame)
rCold    + . .     Faith    .   (no shield)
rNeg     + + .     Spirit   .   y - +2 acid dragon scales
rPois    .         Reflect  +   c - +1 helmet
rElec    .         Harm     +   (no cloak)
rCorr    +         Rampage  .   v - +1 pair of gloves "Emnuwebe" {Harm rC+ Dex+2}
Will     .....                  (no boots)
Stlth    +.........             x - amulet of reflection
HPRegen  0.25/turn              j - ring of positive energy
MPRegen  0.17/turn              r - +4 ring of evasion

@: divinely shielded, glowing
A: (nimble swimmer 2), mertail
a: Renounce Religion, Divine Shield


You were on level 12 of the Dungeon.
You worshipped the Shining One.
The Shining One was pleased with you.
You visited 2 branches of the dungeon, and saw 13 of its levels.

You collected 2042 gold pieces.

Inventory:

Hand Weapons
 a - a +0 trident of flaming (weapon)
Missiles
 d - 2 throwing nets
 f - 367 stones
 g - 103 sling bullets
 p - 26 poisoned darts (quivered)
Armour
 c - a +1 helmet (worn)
 v - the +1 pair of gloves "Emnuwebe" (worn) {Harm rC+ Dex+2}
   (You found it on level 5 of the Dungeon)

   It affects your dexterity (+2).
   It protects you from cold.
   It increases damage dealt and taken.
 y - +2 acid dragon scales (worn)
Jewellery
 b - an amulet of magic regeneration
 j - a ring of positive energy (left hand)
 n - an amulet of regeneration
 r - a +4 ring of evasion (right hand)
 s - a ring of see invisible
 x - an amulet of reflection (around neck)
 D - an amulet of guardian spirit
 E - an amulet of faith
Wands
 A - a wand of paralysis (9)
 G - a wand of flame (12)
 K - a wand of acid (5)
Scrolls
 h - 7 scrolls of teleportation
 k - 3 scrolls of summoning
 l - 2 scrolls of magic mapping
 u - 2 scrolls of fog
 w - a scroll of fear
 H - a scroll of amnesia {unknown}
 J - a scroll of blinking {unknown}
Potions
 e - a potion of brilliance
 i - 7 potions of curing
 m - 3 potions of berserk rage
 o - 3 potions of might
 q - a potion of mutation {unknown}
 t - a potion of haste
 z - a potion of resistance {unknown}
 B - a potion of attraction {unknown}
 C - a potion of flight {unknown}
 I - a potion of experience {unknown}
 L - a potion of magic {unknown}
 M - a potion of invisibility {unknown}


   Skills:
 + Level 8.5 Fighting
 + Level 16.5 Polearms
 - Level 2.0 Throwing
 + Level 2.4 Armour
 + Level 13.5 Dodging
 + Level 10.8 Invocations


You had 11 spell levels left.
You didn't know any spells.
Your spell library contained the following spells:

 Spells                   Type           Power      Damage    Failure   Level
 Animate Skeleton         Necr           0%         N/A       54%         1
 Apportation              Tloc           0%         N/A       54%         1
 Corona                   Hex            0%         N/A       54%         1
 Foxfire                  Conj/Fire      0%         2x1d4     54%         1
 Freeze                   Ice            0%         1d3       54%         1
 Magic Dart               Conj           0%         1d3       54%         1
 Pain                     Necr           0%         1d4       54%         1
 Sandblast                Erth           0%         2d4       54%         1
 Shock                    Conj/Air       0%         1d3       54%         1
 Summon Small Mammal      Summ           0%         N/A       54%         1
 Blink                    Tloc           N/A        N/A       67%         2
 Call Imp                 Summ           0%         N/A       67%         2
 Ensorcelled Hibernation  Hex/Ice        0%         N/A       67%         2
 Passwall                 Tmut/Erth      0%         N/A       67%         2
 Slow                     Hex            0%         N/A       67%         2
 Static Discharge         Conj/Air       0%         N/A       67%         2
 Call Canine Familiar     Summ           0%         N/A       88%         3
 Confusing Touch          Hex            0%         N/A       88%         3
 Conjure Flame            Conj/Fire      0%         6-21      88%         3
 Dazzling Flash           Conj/Hex       0%         N/A       88%         3
 Frozen Ramparts          Ice            0%         1d2       88%         3
 Inner Flame              Hex/Fire       0%         N/A       88%         3
 Lesser Beckoning         Tloc           0%         N/A       88%         3
 Mephitic Cloud           Conj/Pois/Air  0%         N/A       88%         3
 Ozocubu's Armour         Ice            0%         N/A       88%         3
 Portal Projectile        Hex/Tloc       0%         N/A       88%         3
 Stone Arrow              Conj/Erth      0%         3d7       88%         3
 Summon Guardian Golem    Hex/Summ       0%         N/A       88%         3
 Swiftness                Air            0%         N/A       88%         3
 Tukima's Dance           Hex            0%         N/A       88%         3
 Vampiric Draining        Necr           0%         2d6       88%         3
 Airstrike                Air            0%         N/A       99%         4
 Animate Dead             Necr           0%         N/A       99%         4
 Cause Fear               Hex            0%         N/A       99%         4
 Hailstorm                Conj/Ice       0%         3d3       99%         4
 Leda's Liquefaction      Hex/Erth       0%         N/A       99%         4
 Petrify                  Tmut/Erth      0%         N/A       99%         4
 Sticky Flame             Conj/Fire      0%         2d3       99%         4
 Summon Ice Beast         Ice/Summ       0%         N/A       99%         4
 Summon Lightning Spire   Summ/Air       0%         N/A       99%         4
 Agony                    Necr           0%         N/A       100%        5
 Alistair's Intoxication  Tmut/Pois      0%         N/A       100%        5
 Fireball                 Conj/Fire      0%         3d3       100%        5
 Lee's Rapid Deconstruct  Erth           0%         3d5*      100%        5
 Lightning Bolt           Conj/Air       0%         1d11      100%        5
 Metabolic Englaciation   Hex/Ice        0%         N/A       100%        5
 Invisibility             Hex            0%         N/A       100%        6


Dungeon Overview and Level Annotations

Branches:
Dungeon (12/15)            Temple (1/1) D:7            Lair (0/6) D:10
    Orc (0/2) D:9

Altars:
Ashenzari
Cheibriados
Dithmenos
Elyvilon
Fedhas
Gozag
Hepliaklqana
Kikubaaqudgha
Makhleb
Nemelex Xobeh
Okawaru
Qazlal
Ru
Sif Muna
Trog
Uskayaw
Vehumet
Wu Jian
Xom
Yredelemnul
Zin
The Shining One

Shops:
D:5 *

Portals:
Trove: D:12 (give horn of Geryon)

Annotations:
D:5 2 transporters, Alarak's ghost, novice DgCj


Innate Abilities, Weirdness & Mutations

((You are quick and stealthy near water. (Stealth+, EV+, Speed+++)))
Your lower body shifts to a powerful aquatic tail in water.


Message History

The poisoned dart hits the boulder beetle.
The boulder beetle is poisoned.
The boulder beetle is lightly wounded.
The boulder beetle curls into a ball and begins rolling!
You throw a poisoned dart.
The poisoned dart hits the boulder beetle.
The boulder beetle looks even sicker.
The boulder beetle is lightly wounded.
You start waiting.
A boulder beetle is nearby!
You reach to attack!
You hit the boulder beetle but do no damage.
The boulder beetle is moderately wounded.
The boulder beetle hits you!!!
Ouch! That really hurt!
The boulder beetle stops rolling and uncurls.
You are too injured to fight recklessly!
You are too injured to fight recklessly!
You are too injured to fight recklessly!
You hit the boulder beetle but do no damage.
The boulder beetle is moderately wounded.
You hit the boulder beetle but do no damage.
The boulder beetle is moderately wounded.
The boulder beetle closely misses you.
You hit the boulder beetle but do no damage.
The boulder beetle is moderately wounded.
You hit the boulder beetle but do no damage.
The boulder beetle is moderately wounded.
The boulder beetle bites you.
You hit the boulder beetle. You burn the boulder beetle.
The boulder beetle is heavily wounded.
The boulder beetle leaps!
You are too injured to fight recklessly!
A divine shield forms around you!
The boulder beetle curls into a ball and begins rolling!
You hit the boulder beetle but do no damage.
The boulder beetle is heavily wounded.
The boulder beetle hits you!!!
Ouch! That really hurt!
You die...

# #. ###### #.#
#....## # ..##
#B@##.## #.
...###°)####.##
#.# #......#
##.## #.#
#.....## ##.##
#.# #<.#
##(....# #..#
#.## #..#
#))###.# ##.##
#.. ##..# ##..#
#..# ##. #...#
##...# ##..#
##.
##...#####.c..#
.# ...# ##..


You could see a boulder beetle (rolling, poisoned).

Vanquished Creatures
  3 hydras (D:12)
  A boulder beetle (D:9)
  3 two-headed ogres
  A deep elf pyromancer (D:9)
  A manticore (D:12)
  3 cyclopes
  Maurice (D:11)
  A gargoyle (D:12)
  Psyche (D:11)
  An unseen horror (D:12)
  A freezing wraith (D:9)
  3 yaktaurs (D:12)
  A tengu conjurer (D:8)
  5 trolls
  Sigmund (D:3)
  A spriggan (shapeshifter) (D:9)
  A wraith (D:10)
  12 yaks
  Grum (D:11)
  3 vampire mosquitoes (D:10)
  A steam dragon (D:9)
  4 acid dragons
  A water moccasin (D:9)
  2 ice beasts
  3 orc warriors
  4 ogres
  5 wolves
  8 centaurs
  A phantom (D:4)
  2 bullfrogs
  A gnoll sergeant (D:9)
  6 scorpions
  2 jellies
  9 wights
  3 howler monkeys
  3 electric eels (D:10)
  A bullfrog zombie (D:6)
  5 centaur zombies
  A gnoll shaman (D:5)
  7 orc priests
  11 hounds
  9 orc wizards
  A killer bee zombie (D:8)
  A hound skeleton (D:5)
  4 howler monkey zombies
  13 gnolls
  6 adders
  4 white imps
  2 worms
  3 dart slugs
  26 orcs
  3 bats
  10 endoplasms
  14 giant cockroaches
  6 goblins
  3 hobgoblins
  9 jackals (D:1)
  10 kobolds
  5 quokkas
  7 ball pythons
  4 frilled lizards
  5 rats
270 creatures vanquished.

Notes
Turn   | Place    | Note
-------+----------+-------------------------------------------
     0 | D:1      | Gwenloh the Merfolk Gladiator began the quest for the Orb.
     0 | D:1      | Reached XP level 1. HP: 16/16 MP: 1/1
    45 | D:1      | Reached skill level 5 in Polearms
   246 | D:1      | Reached XP level 2. HP: 22/22 MP: 2/2
   475 | D:1      | Reached skill level 6 in Polearms
   475 | D:1      | Reached XP level 3. HP: 27/27 MP: 3/3
  1057 | D:2      | Found a shimmering blue altar of Sif Muna.
  1173 | D:2      | Reached XP level 4. HP: 33/33 MP: 4/4
  1255 | D:2      | Reached skill level 7 in Polearms
  1386 | D:2      | Found a faded altar of an unknown god.
  1639 | D:3      | Found a white marble altar of Elyvilon.
  1934 | D:3      | Reached skill level 8 in Polearms
  1934 | D:3      | Reached XP level 5. HP: 22/38 MP: 5/5
  2088 | D:3      | Noticed Sigmund
  2169 | D:3      | Found an ancient bone altar of Kikubaaqudgha.
  2513 | D:3      | Killed Sigmund
  2514 | D:3      | Reached skill level 10 in Polearms
  2514 | D:3      | Reached XP level 6. HP: 31/44 MP: 6/6
  3070 | D:4      | Reached skill level 5 in Dodging
  3070 | D:4      | Reached XP level 7. HP: 50/50 MP: 7/7
  3220 | D:4      | Found a sparkling altar of Nemelex Xobeh.
  3383 | D:4      | Reached skill level 11 in Polearms
  3566 | D:4      | Found an ornate altar of the Wu Jian Council.
  3813 | D:5      | Entered Level 5 of the Dungeon
  3832 | D:5      | Reached XP level 8. HP: 56/56 MP: 8/8
  3890 | D:5      | Found Lexud's Assorted Antiques.
  3999 | D:5      | Noticed Alarak's ghost (novice DgCj)
  4044 | D:5      | Found a transporter.
  4077 | D:5      | Reached skill level 12 in Polearms
  4124 | D:5      | Found a transporter.
  4418 | D:5      | Identified the +1 pair of gloves "Emnuwebe" {Harm rC+
                  | Dex+2}
  4769 | D:5      | Found a shimmering altar of Xom.
  5072 | D:6      | Identified a scroll of acquirement
  5077 | D:6      | Acquired 541 gold pieces
  5335 | D:6      | Reached skill level 13 in Polearms
  5492 | D:6      | Reached XP level 9. HP: 61/61 MP: 9/9
  5776 | D:6      | Found a burning altar of Makhleb.
  5812 | D:6      | Acquired 478 gold pieces
  6272 | D:7      | Reached skill level 10 in Dodging
  6410 | D:7      | Found a staircase to the Ecumenical Temple.
  6424 | Temple   | Entered the Ecumenical Temple
  6666 | Temple   | Became a worshipper of the Shining One
  7061 | D:7      | Reached skill level 1 in Invocations
  7079 | D:8      | Noticed a cyclops
  7092 | D:7      | HP: 1/62 [cyclops (27)]
  7095 | D:7      | Killed a cyclops
  7278 | D:8      | Reached skill level 14 in Polearms
  7390 | D:8      | Reached * piety under the Shining One
  7402 | D:8      | Reached XP level 10. HP: 60/71 MP: 13/13
  7557 | D:8      | Found a stormy altar of Qazlal.
  7680 | D:8      | Reached skill level 5 in Invocations
  8186 | D:9      | Noticed a two-headed ogre
  8194 | D:9      | Killed a two-headed ogre
  8266 | D:9      | Found a staircase to the Orcish Mines.
  8475 | D:9      | Identified the +3 leather armour of the Elven Halls {Int+5}
  8528 | D:9      | Found a shadowy altar of Dithmenos.
  8556 | D:9      | Reached skill level 5 in Fighting
  8647 | D:9      | Noticed a deep elf pyromancer
  8647 | D:9      | Noticed a boulder beetle
  8662 | D:9      | Killed a deep elf pyromancer
  8668 | D:9      | Killed a boulder beetle
  8818 | D:9      | Reached ** piety under the Shining One
  8864 | D:8      | Reached skill level 15 in Polearms
  9018 | D:9      | Found an opulent altar of Gozag.
  9018 | D:9      | Found a hazy altar of Hepliaklqana.
  9224 | D:9      | Reached XP level 11. HP: 76/81 MP: 16/16
  9544 | D:10     | Entered Level 10 of the Dungeon
 10160 | D:10     | Found a shimmering blue altar of Sif Muna.
 10206 | D:10     | Found a broken altar of Ashenzari.
 10725 | D:10     | Found a staircase to the Lair.
 11200 | D:11     | Noticed a two-headed ogre
 11214 | D:11     | Killed a two-headed ogre
 11257 | D:11     | Noticed Grum
 11303 | D:11     | Killed Grum
 11748 | D:11     | Noticed a cyclops
 11758 | D:11     | Killed a cyclops
 12018 | D:11     | Noticed a cyclops
 12036 | D:11     | Killed a cyclops
 12037 | D:11     | Reached skill level 10 in Invocations
 12245 | D:11     | Reached *** piety under the Shining One
 12247 | D:11     | Noticed Maurice
 12258 | D:11     | Killed Maurice
 12259 | D:11     | Reached skill level 16 in Polearms
 12259 | D:11     | Reached XP level 12. HP: 91/91 MP: 19/19
 12643 | D:11     | Noticed Psyche
 12656 | D:11     | Killed Psyche
 13004 | D:12     | Reached skill level 1 in Armour
 13134 | D:12     | Noticed a four-headed hydra
 13142 | D:12     | Killed a four-headed hydra
 13260 | D:12     | Noticed a four-headed hydra
 13264 | D:12     | Killed a four-headed hydra
 13564 | D:12     | Noticed a six-headed hydra
 13575 | D:12     | Killed a six-headed hydra
 13602 | D:12     | Noticed a boulder beetle
 13608 | D:12     | HP: 2/93 [boulder beetle (25)]
 13943 | D:12     | Found a portal to a secret trove of treasure.
 14017 | D:12     | Noticed a two-headed ogre
 14025 | D:12     | Killed a two-headed ogre
 14485 | D:12     | Demolished by a boulder beetle

Illustrated notes

Levels and vault maps discovered:
D:1:      nagdon_arrival_zigzag_paths, layout_rooms
D:2:      layout_rooms, hellmonk_ecumenical_altar_blasted, basic_altar
D:3:      minmay_roachtagon, layout_basic, lemuel_round_altar,
          amcnicky_altar_gilded, uniq_sigmund
D:4:      layout_loops_ring, nzn_wu_jian_contemplation, lemuel_tele_altar,
          grunt_ministairs_12
D:5:      layout_gridville, nicolae_overflow_crystal_walls, serial_shops, shop,
          gammafunk_ghost_arena
D:6:      layout_loops_corners, makhleb_blood_cavern_becter
D:7:      layout_gridville, minmay_temple_entry_offerings
D:8:      layout_rooms, general_overflow_altar, kennysheep_nondescript,
          amcnicky_mini_rare_corridor_liquid
D:9:      layout_gridville, nicolae_dithmenos_the_darkroom,
          gammafunk_temple_overflow_pools, david_orc_3, st_stairs_7,
          hangedman_decor_diamond_cutter, minmay_fractal_squares_gapless_7
D:10:     layout_basic, kennysheep_mini_moat, lemuel_round_altar,
          erik_lair_island
D:11:     layout_roguey, due_unseen_surprise, uniq_psyche, uniq_grum,
          uniq_maurice
D:12:     layout_layer_cave, enter_trove_6
Temple:   dpeg_chambers_temple

Skill      XL: |  1  2  3  4  5  6  7  8  9 10 11 12 |
---------------+-------------------------------------+-----
Polearms       | 5 6 8 10 11 13 14 15 16 | 16.5
Dodging        | 5 6 9 10 11 12 13 | 13.5
Invocations    | 4 7 10 | 10.8
Fighting       | 3 5 7 8 |  8.5
Armour         | 2 |  2.4
Throwing       | |  2.0

Action                   |  1- 3 |  4- 6 |  7- 9 | 10-12 || total
-------------------------+-------+-------+-------+-------++-------
Melee: Trident           |    99 |   121 |   330 |   543 ||  1093
Throw: Stone             |    74 |    56 |    38 |    79 ||   247
       Dart              |       |    33 |    36 |    46 ||   115
       Throwing net      |       |       |     2 |     1 ||     3
Invok: Divine Shield     |       |       |       |     6 ||     6
  Use: Scroll            |       |       |    19 |     6 ||    25
       Potion            |       |       |     2 |     4 ||     6
 Stab: Sleeping          |       |     1 |       |       ||     1
Armor: Leather armour    |    18 |    22 |    26 |       ||    66
       Acid dragon scale |       |       |    18 |    48 ||    66
Dodge: Dodged            |    40 |    42 |   147 |   310 ||   539
Block: Other             |       |       |       |    25 ||    25
       Reflection        |       |       |       |     1 ||     1

Table legend: (Time is in decaauts)
 A = Elapsed time spent in this place.
 B = Non-inter-level travel time spent in this place.
 C = Inter-level travel time spent in this place.
 D = Time resting spent in this place.
 E = Time spent auto-exploring this place.
 F = Levels seen in this place.
 G = Mean time per level.
                   A        B        C        D        E       F      G
               +--------+--------+--------+--------+--------+-----+--------+
         Total |  14114 |  13634 |    480 |   1550 |   9764 |  13 | 1085.7 |
       Dungeon |  13858 |  13406 |    452 |   1550 |   9539 |  12 | 1154.8 |
        Temple |    255 |    227 |     28 |      0 |    225 |   1 |  255.0 |
               +--------+--------+--------+--------+--------+-----+--------+

Top non-repeatable levels by time:
    D:11: 1922 daAuts
     D:9: 1552 daAuts
    D:10: 1551 daAuts
     D:3: 1354 daAuts
    D:12: 1249 daAuts
     D:5: 1109 daAuts
     D:7: 977 daAuts
     D:1: 877 daAuts
     D:6: 870 daAuts
     D:8: 843 daAuts
     D:2: 790 daAuts
     D:4: 758 daAuts
  Temple: 255 daAuts
